 Dungeon Crawl Stone Soup version 0.29.1-4-g47bece8355 (webtiles) character file.

Game seed: 8178696393415673219

3470 iamoutofideas the Severer (level 10, -1/77 (79) HPs)
             Began as a Hill Orc Gladiator on Dec 8, 2022.
             Was an Initiate of Gozag.
             Slain by an orc warrior
             ... wielding a +0 glaive
              (14 damage)
             ... on level 8 of the Dungeon.
             The game lasted 00:08:19 (9904 turns).

iamoutofideas the Severer (Hill Orc Gladiator)      Turns: 9904, Time: 00:08:20

HP:   -1/77 (79)    AC: 14    Str: 22    XL:     10   Next: 6%
MP:   10/10         EV:  6    Int:  8    God:    Gozag
Gold: 790           SH:  7    Dex: 12    Spells: 9/9 levels left

rFire   . . .      SeeInvis .   a - +0 war axe
rCold   . . .      Faith    .   r - +2 buckler
rNeg    . . .      Spirit   .   s - +0 plate armour
rPois   +          Reflect  .   c - +0 helmet
rElec   .          Harm     .   (no cloak)
rCorr   .          Rampage  .   (no gloves)
Will    .....                   F - +0 pair of boots
Stlth   ..........              H - amulet of Dots {rPois Regen+}
HPRegen 1.02/turn               z - ring of poison resistance
MPRegen 0.12/turn               (no ring)

@: lightly drained
A: no striking features
a: Renounce Religion, Potion Petition, Call Merchant, Bribe Branch


You were on level 8 of the Dungeon.
You worshipped Gozag.
Gozag was pleased with you.
You visited 2 branches of the dungeon, and saw 9 of its levels.

You collected 945 gold pieces.
You paid 155 gold pieces to Gozag.

Inventory:

Hand Weapons
 a - a +0 war axe (weapon)
 i - a +1 hand axe of flaming
 G - the +11 whip of Big Damage {vorpal, rPois rC+ MP-9}
   (You found it on level 6 of the Dungeon)

   It inflicts extra damage upon your enemies.
   rC:        It protects you from cold.
   rPois:     It protects you from poison.
   MP:        It affects your magic capacity (-9).
Missiles
 d - 3 throwing nets (quivered)
 e - 6 javelins
Armour
 c - a +0 helmet (worn)
 r - a +2 buckler (worn)
 s - a +0 plate armour (worn)
 F - a +0 pair of boots (worn)
Jewellery
 z - a ring of poison resistance (left hand)
 E - a ring of flight
 H - the amulet of Dots (around neck) {rPois Regen+}
   (You found it on level 6 of the Dungeon)

   [amulet of regeneration]

   rPois:     It protects you from poison.
   Regen:     It increases your rate of health regeneration.
Wands
 b - a wand of mindburst (5)
 x - a wand of charming (8)
 I - a wand of polymorph (7)
Scrolls
 f - 4 scrolls of vulnerability {unknown}
 h - 2 scrolls of noise {unknown}
 j - 2 scrolls of amnesia {unknown}
 o - 3 scrolls of teleportation {unknown}
 q - a scroll of magic mapping {unknown}
 v - 2 scrolls of fear {unknown}
 w - a scroll of enchant weapon {unknown}
 y - 6 scrolls of identify
 A - a scroll of summoning {unknown}
 C - a scroll of poison {unknown}
 D - a scroll of brand weapon {unknown}
 J - 2 scrolls of enchant armour {unknown}
 K - a scroll of butterflies {unknown}
Potions
 g - a potion of invisibility {unknown}
 k - a potion of heal wounds
 l - a potion of degeneration {unknown}
 m - a potion of magic {unknown}
 n - 4 potions of lignification
 p - 6 potions of curing
 t - a potion of mutation {unknown}
 u - 2 potions of flight {unknown}
 B - a potion of ambrosia {unknown}


   Skills:
 + Level 4.2 Fighting
 + Level 16.2 Axes
 - Level 1.7 Throwing
 + Level 4.5 Armour
 + Level 2.4 Dodging
 + Level 4.0 Shields


You had 9 spell levels left.
You didn't know any spells.
Your spell library contained the following spells:

 Spells                   Type           Power      Damage    Failure   Level
 Foxfire                  Conj/Fire      0%         2x1d4     100%        1
 Shock                    Conj/Air       0%         1d3       100%        1
 Sting                    Tmut/Pois      0%         1d3       100%        1
 Poisonous Vapours        Pois/Air       0%         N/A       100%        2
 Sublimation of Blood     Necr           0%         N/A       100%        2
 Wereblood                Tmut           0%         N/A       100%        2
 Conjure Flame            Conj/Fire      0%         6-21      100%        3
 Inner Flame              Hex/Fire       0%         N/A       100%        3
 Airstrike                Air            0%         2d(0-16)  100%        4
 Cause Fear               Hex            0%         N/A       100%        4
 Flame Wave               Conj/Fire      0%         2d4       100%        4
 Olgreb's Toxic Radiance  Pois           0%         N/A       100%        4
 Storm Form               Tmut/Air       0%         N/A       100%        7
 Summon Hydra             Summ           0%         N/A       100%        7
 Discord                  Hex            0%         N/A       100%        8


Dungeon Overview and Level Annotations

Branches:
Dungeon (8/15)             Temple (1/1) D:7
   Lair: D:8-11

Altars:
Ashenzari
Cheibriados
Dithmenos
Elyvilon
Fedhas
Gozag
Hepliaklqana
Kikubaaqudgha
Makhleb
Okawaru
Qazlal
Ru
Sif Muna
Trog
Uskayaw
Vehumet
Wu Jian
Xom
Zin

Shops:
D:1 [

Annotations:
D:5 2 transporters


Message History

The orc warrior is lightly wounded.
You block the orc warrior's attack.
You hit the orc warrior.
The orc warrior is lightly wounded.
You hit the orc warrior but do no damage.
The orc warrior is lightly wounded.
The orc warrior completely misses you.
You hit the orc warrior but do no damage.
The orc warrior is lightly wounded.
The orc warrior hits you with a +0 glaive!
You closely miss the orc warrior.
The orc warrior is lightly wounded.
You block the orc warrior's attack.
You barely miss the orc warrior.
The orc warrior is lightly wounded.
You closely miss the orc warrior.
The orc warrior is lightly wounded.
The orc warrior barely misses you.
You hit the orc warrior.
The orc warrior is moderately wounded.
The orc warrior hits you with a +0 glaive!
You hit the orc warrior but do no damage.
The orc warrior is moderately wounded.
The orc warrior hits you with a +0 glaive!
You closely miss the orc warrior.
The orc warrior is moderately wounded.
You are too injured to fight recklessly!
You slash the orc warrior!
The orc warrior is heavily wounded.
The orc warrior hits you with a +0 glaive!
* * * LOW HITPOINT WARNING * * *
You are too injured to fight recklessly!
You hit the orc warrior but do no damage.
The orc warrior is heavily wounded.
The orc warrior hits you with a +0 glaive!
* * * LOW HITPOINT WARNING * * *
Okay, then.
The orc warrior hits you from afar with a +0 glaive!
You die...
Your body crumbles into a pile of gold.

#.# #.# .#.# #.# ... $
.... #.# #.# #... #.# #.#
#..# #.# #.# #..# ##.##
#.# ...# >...#
#.########..#### ##..#
#....<..@.o....#
##..#####...)...[)..##.##
..........#######)).....#
###.####### #####)#..>.#..
#.# #######.........###. .
#.###.............#..#....
#.................[...#
#####.#####.#####.#..##
#.# #.# #.#..#


You could see an orc warrior.

Vanquished Creatures
  3 water moccasins
  Menkaure (D:5)
  5 ice beasts
  An orc warrior (D:7)
  A black bear (D:5)
  2 centaurs
  3 phantoms
  A kobold brigand (D:6)
  3 bullfrogs
  2 necrophages
  A scorpion (D:5)
  13 wights
  4 killer bees
  An electric eel (D:8)
  3 jellies
  A gnoll bouda (D:8)
  3 hounds
  An orc priest (D:8)
  Natasha (thrice) (D:2)
  5 orc wizards (D:7)
  11 gnolls
  3 adders
  A shadow imp (D:6)
  A white imp (D:7)
  An ufetubus (D:7)
  4 worms
  3 dart slugs
  20 orcs
  7 ball pythons
  6 bats
  7 endoplasms
  5 giant cockroaches
  3 goblins
  8 hobgoblins
  8 jackals
  2 quokkas
  2 frilled lizards
  10 kobolds
  7 rats
166 creatures vanquished.

Vanquished Creatures (others)
  12 plants (D:3)
12 creatures vanquished.

Grand Total: 178 creatures vanquished

Notes
Turn   | Place    | Note
-------+----------+-------------------------------------------
     0 | D:1      | iamoutofideas the Hill Orc Gladiator began the quest for
                  | the Orb.
     0 | D:1      | Reached XP level 1. HP: 18/18 MP: 1/1
   246 | D:1      | Found Zaerou's Antique Armour Shoppe.
   351 | D:1      | Reached XP level 2. HP: 23/25 MP: 2/2
   656 | D:1      | Reached skill level 5 in Axes
   843 | D:1      | You fall into a shaft and drop 1 floor!
   880 | D:2      | Reached XP level 3. HP: 17/30 MP: 3/3
  1031 | D:2      | Noticed Natasha
  1039 | D:2      | Killed Natasha
  1104 | D:2      | Noticed Natasha
  1669 | D:2      | Reached skill level 6 in Axes
  1669 | D:2      | Reached XP level 4. HP: 34/40 MP: 4/4
  1974 | D:2      | Killed Natasha
  1975 | D:2      | Reached XP level 5. HP: 32/46 MP: 5/5
  2351 | D:2      | Noticed Natasha
  2360 | D:2      | Killed Natasha
  2361 | D:2      | Reached skill level 7 in Axes
  2646 | D:3      | Found a blossoming altar of Fedhas.
  2660 | D:3      | Got Ynotitok's Spellbook of Transformed Conduction
  2711 | D:3      | Noticed an ice beast
  2730 | D:3      | Killed an ice beast
  2731 | D:3      | Reached skill level 8 in Axes
  2731 | D:3      | Reached XP level 6. HP: 30/52 MP: 6/6
  2971 | D:3      | Found a glowing silver altar of Zin.
  3909 | D:4      | Found a shadowy altar of Dithmenos.
  3924 | D:4      | Reached skill level 9 in Axes
  3974 | D:4      | Reached XP level 7. HP: 59/59 MP: 7/7
  4320 | D:4      | Reached skill level 10 in Axes
  4433 | D:4      | Reached skill level 1 in Armour
  4502 | D:4      | Identified the +2 leather armour "Binaiqoa" {rElec rF+ rC-
                  | SInv}
  4739 | D:5      | Entered Level 5 of the Dungeon
  4930 | D:5      | Noticed Menkaure
  4936 | D:5      | Reached XP level 8. HP: 64/66 MP: 8/8
  4949 | D:5      | Killed Menkaure
  4950 | D:5      | Reached skill level 11 in Axes
  5201 | D:5      | Found a transporter.
  5329 | D:5      | Found a transporter.
  5927 | D:6      | Reached skill level 12 in Axes
  5960 | D:6      | Found an opulent altar of Gozag.
  5960 | D:6      | Found a sacrificial altar of Ru.
  5966 | D:6      | Became a worshipper of Gozag Ym Sagoz the Greedy
  6075 | D:6      | Reached skill level 13 in Axes
  6266 | D:6      | Identified the +11 whip of Big Damage {vorpal, rPois rC+
                  | MP-9}
  6421 | D:6      | Found a bloodstained altar of Trog.
  6555 | D:6      | Identified the amulet of Dots {rPois Regen+}
  6608 | D:6      | Reached XP level 9. HP: 67/71 MP: 9/9
  6837 | D:7      | Found a snail-covered altar of Cheibriados.
  6912 | D:7      | Reached skill level 14 in Axes
  6979 | D:7      | Found a radiant altar of Vehumet.
  7159 | D:7      | Found a staircase to the Ecumenical Temple.
  7202 | Temple   | Entered the Ecumenical Temple
  7202 | Temple   | Found a transporter.
  7202 | Temple   | Found a transporter.
  7382 | Temple   | Found a transporter.
  7382 | Temple   | Found a transporter.
  7513 | D:7      | Reached skill level 15 in Axes
  7619 | D:7      | Reached skill level 1 in Shields
  8913 | D:7      | Reached skill level 16 in Axes
  9064 | D:8      | Reached XP level 10. HP: 48/72 MP: 10/10
  9904 | D:8      | Slain by an orc warrior

Illustrated notes

Levels and vault maps discovered:
D:1:      lemuel_arrival_behind_the_door_large, layout_loops_corners,
          basic_ecumenical_altar, serial_shops, nicolae_shop_stone
D:2:      layout_loops_corners, uniq_natasha
D:3:      layout_loops_corners, mainiacjoe_overflow_cross_hatched,
          mainiacjoe_overflow_brackets, minmay_tree_intersection
D:4:      minmay_diamond_boxcup, layout_loops_corners,
          mainiacjoe_overflow_six_doors_small
D:5:      gammafunk_steamed_eel, layout_cave_pods, uniq_menkaure
D:6:      layout_loops_ring, mainiacjoe_overflow_tiny_flanked,
          gammafunk_temple_overflow_wave, minmay_unpleasant_kobolds
D:7:      layout_loops_corners, pf_just_have_faith,
          mainiacjoe_overflow_small_starburst, temple_statues
D:8:      minmay_gate_of_8, layout_loops_ring, minivault_14,
          minmay_misc_feat_roman, sword_in_stone
Temple:   hellmonk_temple_divided_pantheon

Skill      XL: |  1  2  3  4  5  6  7  8  9 |
---------------+----------------------------+-----
Axes           | 5 6 8 9 10 13 16 | 16.2
Fighting       | 3 4 |  4.2
Armour         | 2 4 |  4.5
Shields        | 4 |  4.0
Throwing       | |  1.7
Dodging        | |  2.4

Action                   |  1- 3 |  4- 6 |  7- 9 | 10-12 || total
-------------------------+-------+-------+-------+-------++-------
Melee: War axe           |   102 |    74 |       |    15 ||   191
       Hand axe          |       |    75 |   381 |    64 ||   520
       Punch             |       |     1 |     4 |     2 ||     7
  Use: Potion            |       |     1 |       |     1 ||     2
       Scroll            |       |     2 |       |       ||     2
Armor: Leather armour    |    38 |    21 |       |       ||    59
       Plate armour      |       |    50 |   197 |    34 ||   281
Dodge: Dodged            |    75 |    58 |    98 |    22 ||   253
Block: Buckler           |       |       |       |     3 ||     3
